 Dungeon Crawl Stone Soup version 0.29-a0-1027-gcd8c55af63 (webtiles) character file.

Game seed: 14028634838404704287

1173 Newt the Chopper (level 8, -4/62 HPs)
             Began as a Demonspawn Monk on Aug 12, 2022.
             Was an Initiate of Yredelemnul.
             Slain by an orc warrior
             ... wielding a +0 battleaxe
              (7 damage)
             ... on level 6 of the Dungeon.
             The game lasted 00:12:26 (6929 turns).

Newt the Chopper (Demonspawn Monk)                  Turns: 6929, Time: 00:12:27

Health: -4/62      AC: 11    Str: 14    XL:     8   Next: 18%
Magic:  8/8        EV:  9    Int: 11    God:    Yredelemnul [......]
Gold:   217        SH:  0    Dex: 16    Spells: 7/7 levels left

rFire   + + .      SeeInvis .   s - +1 hand axe (elec)
rCold   x . .      Faith    .   (no shield)
rNeg    . . .      Spirit   .   h - +0 fire dragon scales
rPois   .          Reflect  .   (helmet restricted)
rElec   .          Harm     .   t - +0 cloak
rCorr   .          Rampage  .   r - +0 pair of gloves
Will    .....                   (no boots)
Stlth   ..........              (no amulet)
HPRegen 0.20/turn               (no ring)
MPRegen 0.11/turn               (no ring)

@: no status effects
A: hooves 1, horns 1, demonic guardian 1
a: Renounce Religion, Recall Undead Harvest


You were on level 6 of the Dungeon.
You worshipped Yredelemnul.
Yredelemnul was noncommittal.
You visited 2 branches of the dungeon, and saw 7 of its levels.

You collected 217 gold pieces.

Inventory:

Hand Weapons
 a - a +1 hand axe
 j - a +3 short sword
 s - a +1 hand axe of electrocution (weapon)
Missiles
 i - 30 poisoned darts (quivered)
 l - 6 boomerangs
 m - 3 javelins
Armour
 b - a +0 robe
 d - an orb of wrath
 h - +0 fire dragon scales (worn)
 r - a +0 pair of gloves (worn)
 t - a +0 cloak (worn)
Wands
 e - a wand of polymorph (10)
 k - a wand of charming (14)
 n - a wand of digging (4)
 p - a wand of roots (9)
Scrolls
 c - 2 scrolls of identify
 g - a scroll of teleportation
Potions
 o - a potion of brilliance
 q - a potion of degeneration
 v - a potion of flight {unknown}
 w - a potion of lignification {unknown}


   Skills:
 + Level 5.3 Fighting
 * Level 6.2 Axes
 + Level 3.0 Throwing
 - Level 4.3 Armour
 - Level 2.6 Dodging
 - Level 1.7 Stealth


You had 7 spell levels left.
You didn't know any spells.
Your spell library contained the following spells:

 Spells                   Type           Power      Damage    Failure   Level
 Portal Projectile        Hex/Tloc       0%         N/A       99%         3
 Summon Guardian Golem    Hex/Summ       0%         N/A       99%         3
 Tukima's Dance           Hex            0%         N/A       99%         3
 Blade Hands              Tmut           0%         N/A       100%        5
 Orb of Destruction       Conj           0%         9d5       100%        7
 Spellforged Servitor     Conj/Summ      0%         N/A       100%        7


Dungeon Overview and Level Annotations

Branches:
Dungeon (6/15)             Temple (1/1) D:4

Altars:
Ashenzari
Cheibriados
Dithmenos
Fedhas
Gozag
Kikubaaqudgha
Nemelex Xobeh
Okawaru
Ru
Trog
Vehumet
Wu Jian
Xom
Yredelemnul

Annotations:
D:2 1 runed translucent door, Crazy Yiuf


Innate Abilities, Weirdness & Mutations

You have large cloven feet.
You have a pair of small horns on your head.
A weak demonic guardian rushes to your aid.


Message History

Lightning courses through the orc warrior!!
You kick the orc warrior, but do no damage.
The orc warrior is severely wounded.
Your orc wizard zombie closely misses the orc warrior.
Your ufetubus barely misses the orc warrior.
Your ufetubus misses the orc warrior.
The orc warrior hits you with a +0 battleaxe!
* * * LOW HITPOINT WARNING * * *
The orc warrior hits your ufetubus with a +0 battleaxe!
Your ufetubus dies!
Your ufetubus disappears in a puff of smoke!
The orc warrior hits your orc wizard zombie with a +0 battleaxe.
Your orc wizard zombie is destroyed!
Unknown command.
You closely miss the orc warrior.
You kick the orc warrior, but do no damage.
The orc warrior is severely wounded.
You hit the orc priest.
The orc warrior hits you with a +0 battleaxe!
* * * LOW HITPOINT WARNING * * *
The orc priest hits you but does no damage.
You feel better.
You feel less invigorated. The orc warrior closely misses you.
The orc priest calls down the wrath of Beogh upon you.
Beogh smites you!
* * * LOW HITPOINT WARNING * * *
Unknown command.
You hit the orc warrior but do no damage.
You kick the orc warrior, but do no damage.
The orc warrior is severely wounded.
You hit the orc priest. The orc priest barely misses you.
Something unseen opens the door.
Unknown command.
You closely miss the orc warrior. Your kick misses the orc warrior.
The orc warrior is severely wounded.
You hit the orc priest.
Lightning courses through the orc priest!!
You kill the orc priest!
The orc warrior hits you with a +0 battleaxe!
You die...
Your body rises from the dead as a mindless zombie.

#........
#.......#
#.......#
#.......#
#.......#
#...)...#
#....<..#
#......)#
#......@#
').....o#
#.......#
#.......#
#.......#
#.......#
#.......#
+.......#


You could see an orc warrior.

Vanquished Creatures
  Sigmund (D:4)
  A black bear (D:4)
  An ice beast (D:5)
  A kobold brigand (D:4)
  A necrophage (D:4)
  3 hounds
  An orc priest (D:6)
  A gnoll bouda (D:5)
  3 iguanas
  Natasha (thrice) (D:3)
  2 orc wizards (D:6)
  Terence (D:3)
  5 gnolls (D:5)
  6 adders
  A white imp (D:5)
  An ufetubus (D:4)
  A worm (D:3)
  4 orcs
  7 ball pythons
  6 endoplasms
  2 giant cockroaches
  9 goblins
  11 hobgoblins
  A jackal (D:3)
  3 quokkas
  9 bats
  2 frilled lizards (D:1)
  29 kobolds
  6 rats
122 creatures vanquished.

Vanquished Creatures (collateral kills)
  An ice beast (D:5)
  A jelly (D:5)
  A gnoll (D:5)
  2 adders (D:3)
  A quokka (D:5)
6 creatures vanquished.

Vanquished Creatures (others)
  A gnoll (D:5)
  An iguana zombie (D:5)
  An orc zombie (D:6)
  A spectral white imp (D:5)
  8 plants (D:4)
12 creatures vanquished.

Grand Total: 140 creatures vanquished

Notes
Turn   | Place    | Note
-------+----------+-------------------------------------------
     0 | D:1      | Newt the Demonspawn Monk began the quest for the Orb.
     0 | D:1      | Reached XP level 1. HP: 18/18 MP: 1/1
   490 | D:1      | Reached skill level 3 in Axes
   490 | D:1      | Gained mutation: A weak demonic guardian rushes to your
                  | aid. [demonic ancestry]
   490 | D:1      | Reached XP level 2. HP: 23/24 MP: 2/2
  1293 | D:2      | Discovered your monstrous ancestry.
  1293 | D:2      | Gained mutation: You have large cloven feet. [demonic
                  | ancestry]
  1293 | D:2      | Reached XP level 3. HP: 29/29 MP: 3/3
  1647 | D:2      | Found a faded altar of an unknown god.
  1894 | D:2      | Found an ornate altar of the Wu Jian Council.
  2036 | D:2      | Found a runed translucent door.
  2037 | D:2      | Noticed Crazy Yiuf
  2075 | D:3      | Gained mutation: You have a pair of small horns on your
                  | head. [demonic ancestry]
  2075 | D:3      | Reached XP level 4. HP: 33/37 MP: 4/4
  2476 | D:3      | Noticed Natasha
  2481 | D:3      | Killed Natasha
  2482 | D:3      | Reached skill level 1 in Armour
  2693 | D:3      | Noticed Natasha
  2703 | D:3      | Killed Natasha
  2704 | D:3      | Reached skill level 4 in Axes
  2704 | D:3      | Reached XP level 5. HP: 20/42 MP: 5/5
  3015 | D:3      | Noticed Terence
  3025 | D:3      | Killed Terence
  3263 | D:3      | Noticed Natasha
  3269 | D:3      | Killed Natasha
  3564 | D:3      | Found a shadowy altar of Dithmenos.
  3636 | D:4      | Noticed Sigmund
  3667 | D:4      | Killed Sigmund
  3668 | D:4      | Reached XP level 6. HP: 32/48 MP: 6/6
  4140 | D:4      | Reached skill level 1 in Throwing
  4172 | D:4      | Reached XP level 7. HP: 46/55 MP: 7/7
  4354 | D:4      | Reached skill level 5 in Axes
  4752 | D:4      | Found a staircase to the Ecumenical Temple.
  4766 | Temple   | Entered the Ecumenical Temple
  4801 | Temple   | Became a worshipper of Yredelemnul the Dark
  4801 | Temple   | Reached * piety under Yredelemnul
  4801 | Temple   | Reached ** piety under Yredelemnul
  5289 | D:5      | Entered Level 5 of the Dungeon
  5870 | D:5      | Reached skill level 5 in Fighting
  6333 | D:5      | Reached XP level 8. HP: 10/62 MP: 8/8
  6662 | D:5      | Reached skill level 6 in Axes
  6926 | D:6      | HP: 2/62 [orc warrior/+0 battleaxe (11)]
  6929 | D:6      | Slain by an orc warrior

Illustrated notes

Levels and vault maps discovered:
D:1:      dpeg_arrival_central, layout_basic, minmay_heptomino_d4
D:2:      layout_loops_ring, basic_altar, shapermc_ecumenical_altar_pompeii,
          uniq_crazy_yiuf_cottage
D:3:      layout_basic, general_overflow_altar, kennysheep_generic_room_16,
          uniq_terence, uniq_natasha
D:4:      kennysheep_kobold_camp, layout_loops_ring,
          minmay_temple_entry_sparse_star, uniq_sigmund
D:5:      layout_basic, portal_sewer_entry_d
D:6:      layout_gridville, kennysheep_mini,
          mainiacjoe_overflow_concentric_impassable, marbit_many_paths,
          minmay_misc_feat_columns, uniq_blork_the_orc
Temple:   hellmonk_temple_two_chambers

Skill      XL: |  1  2  3  4  5  6  7  8 |
---------------+-------------------------+-----
Axes           | 3 4 5 6 |  6.2
Fighting       | 4 5 |  5.3
Armour         | 2 4 |  4.3
Throwing       | 1 2 3 |  3.0
Dodging        | |  2.6
Stealth        | |  1.7

Action                   |  1- 3 |  4- 6 |  7- 9 || total
-------------------------+-------+-------+-------++-------
Melee: Hand axe          |   111 |   119 |    87 ||   317
       Punch             |     1 |       |     1 ||     2
       Kick              |     2 |    30 |    25 ||    57
       Headbutt          |       |    17 |    16 ||    33
Evoke: Wand              |       |       |     1 ||     1
  Use: Scroll            |     5 |     3 |     2 ||    10
       Potion            |       |     2 |     5 ||     7
 Stab: Sleeping          |     5 |       |       ||     5
Armor: Robe              |     6 |       |       ||     6
       Ring mail         |     4 |       |       ||     4
       Fire dragon scale |    35 |    64 |    48 ||   147
Dodge: Dodged            |    58 |    50 |    44 ||   152

Table legend: (Time is in decaauts)
 A = Elapsed time spent in this place.
 B = Non-inter-level travel time spent in this place.
 C = Inter-level travel time spent in this place.
 D = Time resting spent in this place.
 E = Time spent auto-exploring this place.
 F = Levels seen in this place.
 G = Mean time per level.
                   A        B        C        D        E       F      G
               +--------+--------+--------+--------+--------+-----+--------+
         Total |   7031 |   6854 |    177 |   1187 |   4765 |   7 | 1004.4 |
       Dungeon |   6980 |   6803 |    177 |   1187 |   4750 |   6 | 1163.3 |
        Temple |     50 |     50 |      0 |      0 |     15 |   1 |   50.0 |
               +--------+--------+--------+--------+--------+-----+--------+

Top non-repeatable levels by time:
     D:4: 1711 daAuts
     D:5: 1640 daAuts
     D:3: 1534 daAuts
     D:1: 1299 daAuts
     D:2: 778 daAuts
  Temple: 50 daAuts
     D:6: 15 daAuts
